 Dungeon Crawl Stone Soup version 0.23.0-3-gf3c87f2 (webtiles) character file.

Game seed: 3750807177860151406

64 Kairos the Shield-Bearer (level 4, 0/24 HPs)
             Began as a Vine Stalker Fighter on Feb 22, 2019.
             Slain by Grinder (3 damage)
             ... on level 3 of the Dungeon.
             The game lasted 00:02:33 (1872 turns).

Kairos the Shield-Bearer (Vine Stalker Fighter)     Turns: 1872, Time: 00:02:34

Health: 0/24       AC: 10    Str: 19    XL:     4   Next: 12%
Magic:  0/5        EV:  5    Int:  8    God:
Gold:   112        SH:  9    Dex: 14    Spells: 3/3 levels left

rFire    . . .     SeeInvis .   a - +4 war axe
rCold    . . .     Gourm    .   c - +0 shield
rNeg     . . .     Faith    .   n - +1 chain mail
rPois    .         Spirit   +   (no helmet)
rElec    .         Reflect  .   (no cloak)
rCorr    .         Harm     .   (no gloves)
MR       .....                  (no boots)
Stlth    ..........             (no amulet)
HPRegen  0.48/turn              (no ring)
MPRegen  0.09/turn              (no ring)

@: no status effects
A: fangs 2, regeneration 1, magic shield, antimagic bite, no potion heal 3, rot
immunity
a: no special abilities


You were on level 3 of the Dungeon.
You were not hungry.

You visited 1 branch of the dungeon, and saw 3 of its levels.

You collected 112 gold pieces.

Inventory:

Hand Weapons
 a - a +4 war axe (weapon)
 g - a +0 whip of electrocution
Armour
 b - a +1 scale mail
 c - a +0 shield (worn)
 n - a +1 chain mail (worn)
Wands
 j - a wand of acid (11)
Scrolls
 h - 2 scrolls of fear
 l - a scroll of remove curse {unknown}
 m - a scroll of identify
Potions
 d - a potion of might
 e - 2 potions of lignification {unknown}
 i - a potion of invisibility
 k - 2 potions of curing
Comestibles
 f - 5 rations


   Skills:
 + Level 3.1 Fighting
 + Level 2.3 Axes
 + Level 2.7 Armour
 + Level 1.0 Dodging
 + Level 3.1 Shields


You had 3 spell levels left.
You didn't know any spells.
Your spell library was empty.

Dungeon Overview and Level Annotations

Branches:
Dungeon (3/15)

Altars:
Vehumet

Annotations:
D:3 Grinder


Innate Abilities, Weirdness & Mutations

You have extremely sharp teeth.
Your natural rate of healing is unusually fast.
When hurt, damage is shared between your health and your magic reserves.
Your bite disrupts and absorbs the magic of your enemies.
Potions cannot restore your health.
You are immune to rotting.


Message History

Grinder comes into view.
Grinder shouts!
Grinder is nearby!
Grinder is nearby!
Grinder is nearby!
Grinder hits you!
You writhe in agony.
You slash Grinder!
Grinder is moderately wounded.
Grinder hits you!
You writhe in agony.
* * * LOW HITPOINT WARNING * * *
You are too injured to fight recklessly!
You are too injured to fight recklessly!
You are too injured to fight recklessly!
Your chain mail prevents you from hitting Grinder.
Your bite misses Grinder.
Grinder is moderately wounded.
Grinder hits you.
* * * LOW HITPOINT WARNING * * *
You writhe in agony.
You die...

..# ....
##.#######.+....
...##...##.#...
#..#.....#.#..
####..#.....#...
#.. ..#.....#..
#.###.##...##.#
#.##..###.###5#
###...........@.#
#..<#.....#######
#.###.##### # #.#
..# .### #. #


You could see Grinder.

Vanquished Creatures
  A gnoll (D:1)
  2 adders (D:2)
  An ooze (D:1)
  A dart slug (D:2)
  2 leopard geckos (D:2)
  A ball python (D:1)
  A bat (D:2)
  A giant cockroach (D:1)
  2 hobgoblins
  6 kobolds
  2 frilled lizards
  7 goblins
  2 rats (D:1)
29 creatures vanquished.

Notes
Turn   | Place    | Note
-------+----------+-------------------------------------------
     0 | D:1      | Kairos the Vine Stalker Fighter began the quest for the
                  | Orb.
     0 | D:1      | Reached XP level 1. HP: 11/11 MP: 2/2
   183 | D:1      | Reached XP level 2. HP: 12/16 MP: 3/3
   528 | D:1      | Reached XP level 3. HP: 16/20 MP: 2/4
  1025 | D:2      | Found a radiant altar of Vehumet.
  1511 | D:2      | Reached skill level 1 in Dodging
  1688 | D:2      | Gained mutation: Your natural rate of healing is unusually
                  | fast. [Vine Stalker growth]
  1688 | D:2      | Reached XP level 4. HP: 24/24 MP: 5/5
  1863 | D:3      | Noticed Grinder
  1872 | D:3      | Slain by Grinder

Skill      XL: |  1  2  3 |
---------------+----------+-----
Axes           | 2 |  2.3
Fighting       | 3 |  3.1
Shields        | 3 |  3.1
Dodging        | 1 |  1.0
Armour         | |  2.7

Action                   |  1- 3 |  4- 6 || total
-------------------------+-------+-------++-------
Melee: War axe           |    60 |     6 ||    66
       Bite              |     9 |     3 ||    12
  Use: Scroll            |    10 |       ||    10
       Potion            |     1 |       ||     1
  Eat: Chunk             |     1 |     2 ||     3
Armor: Scale mail        |    16 |       ||    16
       Chain mail        |     3 |       ||     3
Dodge: Dodged            |    15 |     1 ||    16
Block: Shield            |    30 |     1 ||    31
